 Dungeon Crawl Stone Soup version 0.17.1-1-g73c8601 (webtiles) character file.

110454 Implojin the Brawler (level 15, -7/247 HPs)
             Began as a Troll Monk on Apr 5, 2016.
             Was a High Priest of Okawaru.
             Killed from afar by a thorn hunter (29 damage)
             ... with a volley of thorns
             ... on level 4 of the Swamp.
             The game lasted 01:29:32 (9797 turns).

Implojin the Brawler (Troll Monk)                   Turns: 9797, Time: 01:29:33

Health: -7/247     AC: 18    Str: 28    XL:     15   Next: 72%
Magic:  15/20      EV: 16    Int:  5    God:    Okawaru [*****.]
Gold:   498        SH: 12    Dex: 16    Spells: 0 memorised, 14 levels left

rFire  + . .     SeeInvis +       - Unarmed
rCold  + . .     Clarity  .     M - +3 fire dragon armour
rNeg   + + +     SustAt   .     e - +0 shield
rPois  +         Gourm    +     (helmet restricted)
rElec  +         Spirit   .     x - +1 ratskin cloak {rPois rN+ Int-1 Dex-1}
rCorr  .         Warding  +     (gloves unavailable)
rMut   .         Stasis   .     (boots unavailable)
MR     +....                    j - amulet of warding
Stlth  ..........               r - ring "Fiheq" {Ice rElec rN++ SInv}
                                f - ring of protection from cold

@: berserking, heroism, very quick, somewhat resistant to hostile enchantments,
extremely unstealthy
A: unfitting armour, claws 3, fast metabolism 3, gourmand, regeneration 2,
shaggy fur 1, tough skin 2
a: Heroism, Finesse, Renounce Religion
}: 1/15 runes: serpentine


You were on level 4 of the Swamp.
You worshipped Okawaru.
Okawaru was extremely pleased with you.
You were very full.

You visited 6 branches of the dungeon, and saw 33 of its levels.
You also visited: Ossuary and Volcano.

You collected 1286 gold pieces.
You spent 788 gold pieces at shops.

Inventory:

Missiles
 A - 7 steel tomahawks (quivered)
 L - 2 throwing nets
Armour
 e - a +0 shield (worn)
 w - the +0 robe "Siorgh" {rC+ Slay+3 SInv}
   (You found it on level 10 of the Dungeon)

   It affects your accuracy and damage with ranged weapons and melee attacks
   (+3).
   It protects you from cold.
   It lets you see invisible.
 x - the +1 ratskin cloak (worn) {rPois rN+ Int-1 Dex-1}
   (You found it on level 10 of the Dungeon)

   It affects your intelligence (-1).
   It affects your dexterity (-1).
   It protects you from poison.
   It protects you from negative energy.
 y - the +1 robe of the Tortoise {rElec rPois rCorr Int+2, unknown}
   (Okawaru gifted it to you on level 4 of the Snake Pit)

   It affects your intelligence (+2).
   It insulates you from electricity.
   It protects you from poison.
   It protects you from acid and corrosion.
 I - a +2 robe of fire resistance
 M - a +3 fire dragon armour (worn)
 P - a +0 cloak of magic resistance
 Q - the +4 robe "Gofrogua" {+Blink rF- Int+5}
   (Okawaru gifted it to you on level 4 of the Lair of Beasts)

   It affects your intelligence (+5).
   It makes you vulnerable to fire.
   It lets you blink.
 W - a +0 large shield
Magical Staves
 F - an uncursed staff of death
Jewellery
 d - a +3 ring of evasion
 f - a ring of protection from cold (left claw)
 j - an amulet of warding (around neck)
 r - the ring "Fiheq" (right claw) {Ice rElec rN++ SInv}
   (You bought it in a shop on level 6 of the Dungeon)

   [ring of ice]

   It enhances your ice magic, and weakens your fire magic.
   It makes you vulnerable to fire.
   It protects you from cold.
   It insulates you from electricity.
   It greatly protects you from negative energy.
   It lets you see invisible.
 C - a +5 ring of intelligence
 G - an uncursed ring of ice
 H - an uncursed ring of wizardry
 Y - an uncursed ring of wizardry
Wands
 a - a wand of draining (7)
 E - a wand of polymorph (0)
 J - a wand of invisibility (3)
 S - a wand of paralysis (15)
Scrolls
 l - 5 scrolls of teleportation
 p - 5 scrolls of recharging
 s - a scroll of enchant armour
 t - 5 scrolls of remove curse
 V - 2 scrolls of fear
 X - a scroll of holy word
Potions
 c - 6 potions of flight
 g - 5 potions of curing
 n - 3 potions of berserk rage
 o - 3 potions of brilliance
 q - a potion of cure mutation
 u - a potion of haste
 K - 2 potions of might
 R - a potion of cancellation
Books
 i - a book of the Warp

   Spells                             Type                      Level
   a - Recall                         Summoning/Translocation      3
   b - Gell's Gravitas                Hexes/Translocation          3
   c - Force Lance                    Conjuration/Translocation    4
   d - Phase Shift                    Translocation                5
   e - Warp Weapon                    Charms/Translocation         5
   f - Summon Forest                  Summoning/Translocation      5
 O - a book of Unlife

   Spells                             Type                      Level
   a - Recall                         Summoning/Translocation      3
   b - Animate Dead                   Necromancy                   4
   c - Control Undead                 Necromancy                   4
   d - Cigotuvi's Embrace             Necromancy                   5
   e - Death Channel                  Necromancy                   6
   f - Simulacrum                     Ice/Necromancy               6
Comestibles
 b - 15 bread rations
 h - 4 meat rations
 m - 3 slices of pizza
 D - 7 royal jellies


   Skills:
 - Level 14.4(19.4) Fighting
 - Level 3.2(8.2) Throwing
 * Level 8.7(13.7) Dodging
 - Level 1.1(6.1) Stealth
 - Level 4.0(9.0) Shields
 - Level 17.1(22.1) Unarmed Combat
 - Level 8.0 Invocations


You had 14 spell levels left.
You didn't know any spells.

Dungeon Overview and Level Annotations

Branches:
Dungeon (15/15)            Temple (1/1) D:5            Lair (8/8) D:9
  Swamp (4/4) Lair:5        Snake (4/4) Lair:4        Slime (0/6) Lair:8
    Orc (0/4) D:12         Vaults (0/5) D:14         Depths (1/5) D:15

Altars:
Ashenzari
Dithmenos
Fedhas
Gozag
Nemelex Xobeh
Okawaru
Ru
Sif Muna
Trog
Yredelemnul
Zin
Jiyva

Shops:
D:6 [*=   D:9 (   D:10 [

Annotations:
Lair:1 exclusion: downstairs


Innate Abilities, Weirdness & Mutations

You are too large for most types of armour.
You have claws for hands.
Your metabolism is lightning-fast.
You like to eat raw meat.
You heal very quickly.
You are covered in fur (AC +1).
You have very tough skin (AC +2).


Message History

* * * LOW HITPOINT WARNING * * *
The ice dragon tramples you.
* * * LOW HITPOINT WARNING * * *
You hold your ground!
You claw the ice dragon!
The ice dragon is severely wounded.
Unknown command.
You mangle the ice dragon!!
The ice dragon is almost dead.
You scratch the ice dragon but do no damage.
The ice dragon is almost dead.
The ice dragon breathes frost at you. The blast of cold hits you! You resist.
* * * LOW HITPOINT WARNING * * *
Read which item? (? for menu, Esc to quit)
Okay, then.
Read which item? (? for menu, Esc to quit)
As you read the scroll of fear, it crumbles to dust.
You assume a fearsome visage.
The ice dragon looks frightened!
The ice dragon looks frightened!
Drink which item? (? for menu, Esc to quit)
Okay, then.
Your claws slow down.
Really walk into a travel-excluded area?
A thorn hunter comes into view.
You can now deal lightning-fast blows.
You feel somewhat less full.
Thorny briars emerge from the ground!
You mangle the briar patch!!
You destroy the briar patch!
The thorn hunter fires a volley of thorns at you.
The volley of thorns hits you!
* * * LOW HITPOINT WARNING * * *
Unknown command.
Drink which item? (? for menu, Esc to quit)
A red film seems to cover your vision as you go berserk!
Your finesse ends abruptly.
You feel yourself moving faster!
You feel mighty!
The thorn hunter fires a volley of thorns at you.
The volley of thorns hits you!
You die...

♣.≈≈≈≈≈.≈♣ ♣♣.≈≈≈≈≈.♣♣
♣≈.≈≈≈≈≈≈♣♣
♣...♣≈....♣≈
♣♣..♣..≈≈...
♣♣♣♣♣♣♣♣♣≈≈≈≈♣≈.
♣≈≈...≈≈≈.≈≈≈♣♣≈ ## #
♣♣≈≈≈.≈PPPPP..♣♣ ##§#≈
#≈≈....@P♣.}.♣..♣
#.§§#♣#≈.≈≈..P.f♣♣.....
#.#§.§D..≈≈≈≈PP≈..♣♣♣≈≈
#..#.#.≈≈.≈≈≈PP≈≈≈≈♣ .
##..#♣#♣≈.≈≈≈PP...♣♣
#..# #≈.≈≈♣♣≈....≈♣
#..# ♣♣)..≈≈≈..≈.[≈.≈
#..##♣≈≈..≈≈≈≈≈.♣..≈≈
##..#♣♣≈≈..≈...§.♣..≈


You could see a thorn hunter and an ice dragon.

Vanquished Creatures
  2 greater nagas (Snake:4)
  An ice dragon (Swamp:4)
  Harold (Lair:4)
  2 alligators
  3 hydras
  12 naga warriors
  4 anacondas
  The ghost of fleckers the Fighter, a novice MiBe of Trog (Volcano)
  A ghost crab (Swamp:4)
  2 centaur warriors
  7 death yaks (Lair:8)
  5 shock serpents
  8 naga sharpshooters
  A skeletal warrior (D:15)
  8 sea snakes (Snake:4)
  A fire crab (Lair:8)
  A flayed ghost (D:15)
  3 naga ritualists
  3 swamp dragons (Swamp:4)
  A spriggan druid (Swamp:4)
  Pikel (D:8)
  3 hill giants
  A sphinx zombie (D:15)
  A tengu zombie (D:15)
  A hornet (Swamp:4)
  3 cyclopes
  A salamander (Snake:2)
  4 mana vipers (Snake:4)
  A necromancer (D:15)
  A manticore (D:15)
  5 slime creatures
  7 black mambas
  3 elephants
  9 naga magi
  6 guardian serpents (Snake:4)
  2 molten gargoyles (Volcano)
  17 spiny frogs
  A centaur skeleton (D:11)
  8 komodo dragons
  A guardian mummy (D:15)
  5 yaktaurs (D:15)
  A queen bee (D:12)
  A spriggan skeleton (D:15)
  A queen bee (shapeshifter) (D:11)
  4 freezing wraiths (Swamp:4)
  2 trolls
  A two-headed ogre (D:8)
  Grinder (D:5)
  A boulder beetle (Lair:5)
  23 blink frogs
  A spriggan zombie (D:15)
  A giant leech (Swamp:2)
  A bog body (Swamp:4)
  A trapdoor spider zombie (D:11)
  A deep elf mage (D:14)
  A fire bat (Volcano)
  Eustachio (D:6)
  25 wolves
  15 yaks
  3 basilisks
  31 nagas
  A steam dragon (Lair:3)
  2 shadows
  8 hippogriffs
  10 hydra simulacra (Swamp:4)
  2 swamp worms (Swamp:3)
  6 vampire mosquitoes (Lair:8)
  2 orc warriors
  Duvessa (D:6)
  12 water moccasins
  2 wargs (Lair:3)
  7 swamp drakes
  5 porcupines
  A necrophage (D:7)
  A sky beast (D:10)
  A black bear (Lair:2)
  4 slaves (D:8)
  3 ogres
  3 wasps
  8 centaurs
  A phantom (D:7)
  A big kobold (D:8)
  22 giant frogs
  9 crocodiles
  3 elf zombies (Ossuary)
  2 wyvern zombies
  Dowan (D:6)
  A scorpion (D:10)
  A wyvern skeleton (D:7)
  19 killer bees
  3 wights (D:10)
  3 electric eels (D:9)
  A crimson imp (D:9)
  A lava snake (Volcano)
  5 orc priests
  5 centaur zombies
  5 human zombies (Ossuary)
  2 giant frog skeletons
  13 hounds
  3 jellies
  5 orc wizards
  4 hell rats (Lair:7)
  7 worker ants
  2 iguanas (Lair:2)
  15 sheep
  A hound zombie (D:6)
  2 hound skeletons
  4 mummies
  A worker ant zombie (D:9)
  6 adders
  22 river rats
  A shadow imp (D:11)
  6 swamp drake simulacra (Swamp:4)
  An adder skeleton (D:5)
  3 giant geckos
  15 orcs
  A giant cockroach (D:3)
  3 goblins
  5 hobgoblins
  9 jackals
  4 quokkas
  A ball python (D:3)
  2 bats (D:3)
  A giant gecko skeleton (D:5)
  3 giant newts
  A hobgoblin zombie (D:5)
  7 kobolds
  An orc zombie (D:5)
  A quokka skeleton (D:6)
  3 rats
  A briar patch (Swamp:4)
  2 fungi (Lair:8)
584 creatures vanquished.

Vanquished Creatures (collateral kills)
  A porcupine (Lair:7)
1 creature vanquished.

Vanquished Creatures (others)
  16 fungi
  17 plants
33 creatures vanquished.

Grand Total: 618 creatures vanquished

Notes
Turn   | Place    | Note
--------------------------------------------------------------
     0 | D:1      | Implojin the Troll Monk began the quest for the Orb.
     0 | D:1      | Reached XP level 1. HP: 22/22 MP: 0/0
    22 | D:1      | You fall through a shaft!
   148 | D:2      | Reached XP level 2. HP: 29/29 MP: 1/1
   243 | D:3      | Reached skill level 5 in Unarmed Combat
   243 | D:3      | Reached XP level 3. HP: 26/36 MP: 2/2
   375 | D:5      | Entered Level 5 of the Dungeon
   385 | D:5      | Reached XP level 4. HP: 40/44 MP: 3/3
   441 | D:5      | Reached skill level 6 in Unarmed Combat
   503 | D:5      | Noticed a centaur
   519 | D:5      | Killed a centaur
   519 | D:5      | Reached XP level 5. HP: 45/50 MP: 4/4
   557 | D:5      | Found a sand-covered staircase.
   564 | D:5      | Noticed a centaur
   569 | D:5      | Noticed Grinder
   577 | D:5      | Killed a centaur
   577 | D:5      | Reached skill level 7 in Unarmed Combat
   577 | D:5      | Reached XP level 6. HP: 35/59 MP: 5/5
   580 | D:5      | Paralysed by Grinder for 6 turns
   618 | D:5      | Killed Grinder
   618 | D:5      | Reached skill level 8 in Unarmed Combat
   646 | Ossuary  | Entered an ossuary
   659 | Ossuary  | Reached XP level 7. HP: 43/66 MP: 6/6
   687 | Ossuary  | Reached skill level 9 in Unarmed Combat
   824 | Ossuary  | Reached skill level 10 in Unarmed Combat
   829 | Ossuary  | Reached XP level 8. HP: 19/74 MP: 7/7
   887 | D:6      | Found Veafaek's Armour Shoppe.
   892 | D:6      | Bought a +0 shield for 54 gold pieces
   913 | D:6      | Noticed Eustachio
   937 | D:6      | Killed Eustachio
  1044 | D:6      | Noticed Duvessa
  1048 | D:6      | Found Test's Jewellery Boutique.
  1074 | D:6      | Noticed Dowan
  1083 | D:6      | Killed Duvessa
  1083 | D:6      | Reached skill level 11 in Unarmed Combat
  1089 | D:6      | Killed Dowan
  1197 | D:5      | Found a staircase to the Ecumenical Temple.
  1227 | Temple   | Entered the Ecumenical Temple
  1241 | Temple   | Became a worshipper of Warmaster Okawaru
  1241 | Temple   | Reached * piety under Okawaru
  1241 | Temple   | Reached ** piety under Okawaru
  1341 | D:6      | Found Zaos's General Store.
  1344 | D:6      | Bought a scroll of enchant armour for 90 gold pieces
  1480 | D:7      | Reached skill level 12 in Unarmed Combat
  1599 | D:8      | Noticed Pikel
  1605 | D:8      | Killed Pikel
  1605 | D:8      | Reached XP level 9. HP: 75/79 MP: 5/8
  1622 | D:8      | Found a shattered altar of Ashenzari.
  1669 | D:8      | Noticed a two-headed ogre
  1678 | D:8      | Killed a two-headed ogre
  1678 | D:8      | Reached *** piety under Okawaru
  1678 | D:8      | Reached skill level 13 in Unarmed Combat
  1866 | D:9      | Found Roemoss's Weapon Emporium.
  1886 | D:9      | Noticed a centaur warrior
  1903 | D:10     | Entered Level 10 of the Dungeon
  1906 | D:10     | Reached skill level 14 in Unarmed Combat
  1923 | D:10     | Got a heavily jewelled robe
  1960 | D:10     | Identified the +0 robe "Siorgh" {rC+ Slay+3 SInv} (You found it on level 10 of the Dungeon)
  2197 | D:11     | Reached XP level 10. HP: 81/87 MP: 6/9
  2310 | D:11     | Noticed a centaur skeleton
  2328 | D:11     | Killed a centaur skeleton
  2375 | D:11     | Reached **** piety under Okawaru
  2441 | D:11     | Noticed an octopode
  2445 | D:11     | an octopode changed into a queen bee
  2462 | D:12     | Noticed a hill giant
  2467 | D:12     | Reached skill level 15 in Unarmed Combat
  2473 | D:12     | Killed a hill giant
  2496 | D:11     | HP: 4/87 [poisoned by a killer bee]
  2566 | D:11     | Found a sacrificial altar of Ru.
  2772 | D:12     | Reached skill level 16 in Unarmed Combat
  2830 | D:12     | HP: 3/88 [killer bee (6)]
  2831 | D:12     | Noticed a five-headed hydra
  2835 | D:12     | Found a staircase to the Orcish Mines.
  3055 | D:9      | Killed a centaur warrior
  3055 | D:9      | Reached XP level 11. HP: 34/94 MP: 7/10
  3230 | D:9      | Found a staircase to the Lair.
  3399 | Lair:1   | Entered Level 1 of the Lair of Beasts
  3553 | Lair:2   | Noticed a four-headed hydra
  3561 | Lair:2   | Killed a four-headed hydra
  3561 | Lair:2   | Reached skill level 17 in Unarmed Combat
  3630 | Lair:3   | Reached skill level 3 in Fighting
  3680 | Lair:3   | Reached ***** piety under Okawaru
  3730 | Lair:3   | Reached skill level 4 in Fighting
  3796 | Lair:3   | Reached skill level 5 in Fighting
  3953 | Lair:4   | Reached skill level 6 in Fighting
  4231 | Lair:4   | Noticed Harold
  4235 | Lair:4   | Killed Harold
  4235 | Lair:4   | Reached skill level 7 in Fighting
  4235 | Lair:4   | Reached XP level 12. HP: 107/118 MP: 8/11
  4308 | Lair:5   | Found a staircase to the Swamp.
  4460 | Lair:4   | Reached skill level 8 in Fighting
  4552 | Lair:4   | Found a staircase to the Snake Pit.
  4565 | Lair:4   | Received a gift from Okawaru
  4566 | Lair:4   | Got a silken robe {god gift}
  4705 | Lair:8   | Entered Level 8 of the Lair of Beasts
  4705 | Lair:8   | Found a staircase to the Slime Pits.
  4705 | Lair:8   | Found a viscous altar of Jiyva.
  4749 | Lair:7   | Reached skill level 9 in Fighting
  4967 | Lair:7   | Identified the +4 robe "Gofrogua" {+Blink rF- Int+5} (Okawaru gifted it to you on level 4 of the Lair of Beasts)
  5052 | Lair:8   | Reached skill level 1 in Invocations
  5064 | Lair:8   | Reached skill level 2 in Invocations
  5082 | Lair:8   | Reached skill level 3 in Invocations
  5096 | Lair:7   | Reached skill level 4 in Invocations
  5148 | Lair:7   | Identified a scroll of acquirement
  5223 | Lair:8   | Reached skill level 5 in Invocations
  5297 | Lair:8   | Found a dark tunnel.
  5306 | Volcano  | Entered a volcano
  5320 | Volcano  | Noticed fleckers's ghost (novice MiBe)
  5328 | Volcano  | Killed fleckers's ghost
  5451 | Volcano  | Found a burning altar of Makhleb.
  5451 | Volcano  | Noticed a centaur warrior
  5456 | Volcano  | Killed a centaur warrior
  5456 | Volcano  | Reached skill level 6 in Invocations
  5456 | Volcano  | Reached XP level 13. HP: 76/133 MP: 13/16
  5671 | Lair:8   | Reached skill level 10 in Fighting
  5747 | Lair:8   | Noticed a seven-headed hydra
  5938 | Lair:8   | Reached skill level 11 in Fighting
  6160 | Lair:8   | Reached skill level 12 in Fighting
  6176 | Lair:8   | Killed a 12-headed hydra
  6176 | Lair:8   | Received a gift from Okawaru
  6528 | D:6      | Bought the ring "Fiheq" {Ice rElec rN++ SInv} for 644 gold pieces
  6636 | D:10     | Found Kongar's Armour Emporium.
  6810 | D:14     | Found a gate to the Vaults.
  6933 | D:15     | Entered Level 15 of the Dungeon
  7037 | D:15     | Reached XP level 14. HP: 82/150 MP: 15/17
  7066 | D:15     | Found a staircase to the Depths.
  7073 | D:15     | Reached skill level 13 in Fighting
  7189 | Depths:1 | Entered Level 1 of the Depths
  7459 | Snake:1  | Entered Level 1 of the Snake Pit
  7564 | Snake:1  | Received a gift from Okawaru
  7918 | Snake:3  | Reached skill level 14 in Fighting
  7925 | Snake:4  | Entered Level 4 of the Snake Pit
  8277 | Snake:4  | Reached skill level 1 in Shields
  8333 | Snake:4  | Reached skill level 2 in Shields
  8376 | Snake:4  | Reached skill level 3 in Shields
  8401 | Snake:4  | Reached skill level 4 in Shields
  8408 | Snake:4  | Received a gift from Okawaru
  8419 | Snake:4  | Reached skill level 7 in Invocations
  8434 | Snake:4  | Got a steaming robe {god gift}
  8488 | Snake:4  | Noticed a greater naga
  8514 | Snake:4  | Reached skill level 8 in Invocations
  8544 | Snake:4  | Reached skill level 3 in Dodging
  8545 | Snake:4  | Noticed a greater naga
  8561 | Snake:4  | Killed a greater naga
  8561 | Snake:4  | Reached XP level 15. HP: 46/165 MP: 18/20
  8572 | Snake:4  | Reached skill level 4 in Dodging
  8626 | Snake:4  | Killed a greater naga
  8668 | Snake:4  | Reached skill level 5 in Dodging
  8711 | Snake:4  | HP: 2/165 [guardian serpent (17)]
  8734 | Snake:4  | Reached skill level 6 in Dodging
  8739 | Snake:4  | Noticed a greater naga
  8928 | Snake:4  | Reached skill level 7 in Dodging
  9005 | Snake:4  | Got a serpentine rune of Zot
  9225 | Swamp:1  | Entered Level 1 of the Swamp
  9266 | Swamp:1  | Reached skill level 1 in Throwing
  9393 | Swamp:2  | Reached skill level 2 in Throwing
  9465 | Swamp:4  | Entered Level 4 of the Swamp
  9508 | Swamp:4  | Reached skill level 3 in Throwing
  9568 | Swamp:4  | Reached skill level 8 in Dodging
  9625 | Swamp:4  | welp
  9793 | Swamp:4  | Noticed a thorn hunter
  9797 | Swamp:4  | Killed from afar by a thorn hunter

Action                   |  1- 3 |  4- 6 |  7- 9 | 10-12 | 13-15 || total
-------------------------+-------+-------+-------+-------+-------++-------
Melee: Unarmed           |    65 |    56 |   243 |   509 |   860 ||  1733
Throw: Javelin           |       |       |     1 |    26 |    16 ||    43
       Tomahawk          |       |       |       |    13 |    11 ||    24
       Large rock        |       |       |       |       |    29 ||    29
Invok: Heroism           |       |       |     6 |    44 |    36 ||    86
       Finesse           |       |       |       |     1 |    12 ||    13
Evoke: Wand              |       |       |       |     3 |     6 ||     9
  Use: Scroll            |       |     3 |     9 |    16 |    14 ||    42
       Potion            |       |       |     1 |     3 |     5 ||     9
 Stab: Sleeping          |     1 |     1 |     3 |     6 |     1 ||    12
  Eat: Chunk             |     7 |     1 |    18 |    30 |    37 ||    93
       Fruit             |       |       |       |       |     2 ||     2
       Meat ration       |       |       |       |       |     1 ||     1
       Pizza             |       |       |       |       |     1 ||     1

Table legend:
 A = Turns spent in this place as a percentage of turns spent in the entire game.
 B = Non-inter-level travel turns spent in this place as a percentage of non-inter-level travel turns spent in the entire game.
 C = Inter-level travel turns spent in this place as a percentage of turns spent in this place.
 D = Turns resting spent in this place as a percentage of non-inter-level travel turns spent in this place.
 E = Turns spent auto-exploring this place as a percentage of non-inter-level travel turns spent in this place.
 F = Non-inter-level travel turns spent in this place divided by the number of levels of this place that you've seen.
                   A       B       C       D       E      F
               +-------+-------+-------+-------+-------+----------------------
         Total | 100.0 | 100.0 |   0.0 |   0.3 |   0.0 | 269.3
       Dungeon |  41.8 |  41.8 |   0.0 |   0.1 |   0.0 | 262.7
        Temple |   0.3 |   0.3 |   0.0 |   0.0 |   0.0 |  30.0
          Lair |  30.3 |  30.3 |   0.0 |   0.1 |   0.0 | 356.9
         Swamp |   6.4 |   6.4 |   0.0 |   0.0 |   0.0 | 150.2
     Snake Pit |  15.9 |  15.9 |   0.0 |   1.3 |   0.0 | 374.8
        Depths |   0.1 |   0.1 |   0.0 |   0.0 |   0.0 |  12.0
       Ossuary |   2.0 |   2.0 |   0.0 |   0.0 |   0.0 | 186.0
       Volcano |   3.2 |   3.2 |   0.0 |   0.0 |   0.0 | 302.0
               +-------+-------+-------+-------+-------+----------------------

Table legend:
 A = Kills in this place as a percentage of kills in entire the game.
 B = Kills by you in this place as a percentage of kills by you in the entire game.
 C = Kills by friends in this place as a percentage of kills by friends in the entire game.
 D = Other kills in this place as a percentage of other kills in the entire game.
 E = Experience gained in this place as a percentage of experience gained in the entire game.
 F = Experience gained in this place divided by the number of levels of this place that you have seen.
                   A       B       C       D       E      F
               +-------+-------+-------+-------+-------+----------------------
         Total | 100.0 | 100.0 | 100.0 |  -nan | 100.0 | 3977.7
       Dungeon |  34.9 |  35.0 |   0.0 |  -nan |  16.1 | 1490.2
          Lair |  34.9 |  34.8 | 100.0 |  -nan |  30.6 | 5328.2
         Swamp |   8.7 |   8.7 |   0.0 |  -nan |  11.0 | 3843.5
     Snake Pit |  17.0 |  17.0 |   0.0 |  -nan |  39.2 | 13644.8
       Ossuary |   2.6 |   2.6 |   0.0 |  -nan |   0.5 | 731.0
       Volcano |   1.9 |   1.9 |   0.0 |  -nan |   2.6 | 3557.0
               +-------+-------+-------+-------+-------+----------------------
